 Dungeon Crawl Stone Soup version 0.21-a0-471-gd587bd5 (webtiles) character file.

71983 Goblin1989 the Blocker (level 15, -4/119 HPs)
             Began as a Gnoll Fighter on Nov 20, 2017.
             Was an Initiate of Gozag.
             Killed from afar by a frost giant (25 damage)
             ... with a bolt of cold
             ... on level 15 of the Dungeon on Nov 21, 2017.
             The game lasted 01:09:45 (21607 turns).

Goblin1989 the Blocker (Gnoll Fighter)             Turns: 21607, Time: 01:09:46

Health: -4/119     AC: 23    Str: 27    XL:     15   Next: 38%
Magic:  28/28      EV: 18    Int: 15    God:    Gozag
Gold:   2800       SH: 14    Dex: 21    Spells: 18/33 levels left

rFire    . . .     SeeInvis +   a - +8 whip "Snakebite" {curare, rPois}
rCold    . . .     Gourm    .   c - +0 shield
rNeg     . . .     Faith    .   f - +3 scale mail "Boetutuo" {Int+4 Dex+5}
rPois    +         Spirit   .   t - +1 helmet {SInv}
rElec    .         Reflect  .   s - +1 cloak
rCorr    .         Harm     .   H - +2 pair of gloves
MR       +++..                  y - +1 pair of boots {Stlth+}
Stlth    ++++......             (no amulet)
HPRegen  0.29/turn              l - ring of flight
MPRegen  0.21/turn              p - ring of Myigy {+Fly MR++ Str+4 SInv}

@: no status effects
A: distributed training, fangs 1, strong nose
a: Potion Petition, Call Merchant, Bribe Branch, Renounce Religion, Evoke Flight


You were on level 15 of the Dungeon.
You worshipped Gozag.
Gozag was most pleased with you.
You were not hungry.

You visited 2 branches of the dungeon, and saw 21 of its levels.
You also visited: Labyrinth and Volcano.

You collected 6466 gold pieces.
You spent 1427 gold pieces at shops.
You paid 2239 gold pieces to Gozag.

Inventory:

Hand Weapons
 a - the +8 whip "Snakebite" (weapon) {curare, rPois}
   (You found it on level 5 of the Lair of Beasts)

   It poisons the flesh of those it strikes.
   It protects you from poison.
 b - a +0 fustibalus of flaming
 w - a +1 blowgun {@w1}
Missiles
 k - 590 stones (quivered)
 n - 229 bolts
 u - 138 sling bullets
 K - 8 javelins
 Y - 5 curare-tipped needles
 Z - a throwing net {!d}
Armour
 c - a +0 shield (worn)
 f - the +3 scale mail "Boetutuo" (worn) {Int+4 Dex+5}
   (You found it in a labyrinth)

   It affects your intelligence (+4).
   It affects your dexterity (+5).
 s - a +1 cloak (worn)
 t - a +1 helmet of see invisible (worn)
 y - a +1 pair of boots of stealth (worn)
 H - a +2 pair of gloves (worn)
Jewellery
 l - a ring of flight (left hand)
 o - an uncursed ring of poison resistance
 p - the ring of Myigy (right hand) {+Fly MR++ Str+4 SInv}
   (You bought it in a shop on level 5 of the Lair of Beasts)

   [ring of flight]

   It affects your strength (+4).
   It affects your resistance to hostile enchantments.
   It lets you see invisible.
   It lets you fly.
Wands
 d - a wand of scattershot (2)
 x - a wand of polymorph (11)
 A - a wand of acid (4)
 E - a wand of enslavement (21)
 I - a wand of iceblast (12)
 P - a wand of paralysis (4)
 W - a wand of flame (64)
 X - a wand of disintegration (14)
Scrolls
 g - 16 scrolls of remove curse {unknown}
 h - 5 scrolls of vulnerability
 i - 6 scrolls of fog
 m - 4 scrolls of immolation
 q - 3 scrolls of blinking {unknown}
 r - 3 scrolls of amnesia
 z - 4 scrolls of fear {unknown}
 C - 2 scrolls of enchant armour
 M - a scroll of magic mapping
 O - 2 scrolls of enchant weapon
 R - 5 scrolls of identify {@r1}
 T - 4 scrolls of teleportation {!r, @r3}
Potions
 j - 13 potions of curing {unknown}
 v - 4 potions of haste {@q3, !q}
 B - a potion of heal wounds {@q2, !q}
 D - 4 potions of flight
 F - 3 potions of mutation {unknown}
 G - 7 potions of degeneration {unknown}
 L - a potion of might
 Q - 3 potions of agility
 S - 5 potions of resistance
 U - a potion of cancellation
 V - 3 potions of berserk rage
Comestibles
 e - 5 bread rations {@e1}
 J - 14 meat rations {@e2}
 N - 2 fruits


   Skills:
 + Level 11.6 Fighting
 + Level 9.8 Short Blades
 + Level 9.8 Long Blades
 + Level 9.8 Axes
 + Level 10.8 Maces & Flails
 + Level 9.8 Polearms
 + Level 9.8 Staves
 + Level 9.8 Slings
 + Level 9.8 Bows
 + Level 9.8 Crossbows
 + Level 9.8 Throwing
 + Level 11.6 Armour
 + Level 9.8 Dodging
 + Level 9.8 Stealth
 + Level 11.6 Shields
 + Level 9.8 Unarmed Combat
 + Level 9.8 Spellcasting
 + Level 8.3 Conjurations
 + Level 8.3 Hexes
 + Level 8.3 Charms
 + Level 8.3 Summonings
 + Level 8.3 Necromancy
 + Level 8.3 Translocations
 + Level 8.3 Transmutations
 + Level 8.3 Fire Magic
 + Level 8.3 Ice Magic
 + Level 8.3 Air Magic
 + Level 8.3 Earth Magic
 + Level 8.3 Poison Magic
 + Level 10.7 Invocations
 + Level 9.8 Evocations


You had 18 spell levels left.
You knew the following spells:

 Your Spells              Type           Power        Failure   Level  Hunger
a - Confusing Touch       Hex            ####..       1%          1    None
b - Lesser Beckoning      Tloc           ####......   2%          3    #......
c - Teleport Other        Tloc           ####....     2%          3    #......
g - Passage of Golubria   Tloc           N/A          10%         4    ###....
h - Shroud of Golubria    Chrm/Tloc      ####......   1%          2    None
o - Apportation           Tloc           ####..       1%          1    None
B - Summon Butterflies    Summ           ####....     1%          1    None


Dungeon Overview and Level Annotations

Branches:
Dungeon (15/15)            Temple (0/1) D:6            Lair (6/6) D:8
  Swamp (0/4) Lair:2       Spider (0/4) Lair:3        Slime (0/5) Lair:6
    Orc (0/2) D:9          Vaults (0/5) D:13         Depths (0/5) D:15

Altars:
Ashenzari
Gozag
Makhleb
Nemelex Xobeh
Okawaru
Qazlal
Ru
Trog
Vehumet
Wu Jian
Yredelemnul
Zin
The Shining One

Shops:
D:7 }   D:10 [   Lair:5 =*=

Annotations:
Lair:1 exclusion: hydra
Lair:2 exclusion: oklob plant
Lair:6 Josephine, Snorg


Innate Abilities, Weirdness & Mutations

Your experience applies equally to all skills.
You have very sharp teeth.
Your uncanny sense of smell can sniff out nearby items.


Message History

You see here 5 large rocks {!d}.
You open the door.
There is an open door here.
A centaur warrior comes into view.
You regained 13 hp, and now have 103/119 hp.
A centaur warrior is nearby!
A centaur warrior is nearby!
A centaur warrior is nearby!
The helpless centaur warrior fails to defend itself.
You hit the centaur warrior. You bite the centaur warrior.
The centaur warrior is lightly wounded.
You block the centaur warrior's attack.
You whack the centaur warrior!
The centaur warrior is poisoned.
The centaur warrior looks as sick as possible!
The centaur warrior convulses.
The centaur warrior seems to slow down.
You bite the centaur warrior.
The centaur warrior is heavily wounded.
You block the centaur warrior's attack.
You hit the centaur warrior but do no damage.
The centaur warrior looks as sick as possible! x2
The centaur warrior convulses.
The centaur warrior seems to be slow for longer.
The centaur warrior is heavily wounded.
You hit the centaur warrior.
The centaur warrior looks as sick as possible!
The centaur warrior convulses.
The centaur warrior seems to be slow for longer.
The centaur warrior is severely wounded.
The centaur warrior barely misses you.
You barely miss the centaur warrior. Your bite misses the centaur warrior.
The centaur warrior is severely wounded.
You whack the centaur warrior!
The centaur warrior looks as sick as possible!
The centaur warrior convulses.
You kill the centaur warrior!
No target in view!
No target in view!
No target in view!
No target in view!
No target in view!
No target in view!
No target in view!
No target in view!
No target in view!
No target in view!
No target in view!
No target in view!
No target in view!
No target in view!
You now have 2800 gold pieces (gained 16).
Things that are here:
a longbow; 11 arrows You open the door.
A frost giant comes into view. It is wielding a battleaxe of freezing.
Found a staircase to the Depths.
A frost giant is nearby!
A frost giant is nearby!
A frost giant is nearby!
There is an open door here.
The helpless frost giant fails to defend itself.
You whack the frost giant!
The frost giant is poisoned.
The frost giant looks as sick as possible!
The frost giant convulses.
The frost giant seems to slow down.
The frost giant is lightly wounded.
The frost giant points at you and mumbles some strange words.
The bolt of cold hits you!
You take 40 damage, and have 67/119 hp.
MASSIVE DAMAGE!!
Unknown command.
You hit the frost giant.
The frost giant looks as sick as possible!
The frost giant is moderately wounded.
You hit the frost giant but do no damage.
The frost giant looks as sick as possible!
The frost giant is moderately wounded.
You barely miss the frost giant.
The frost giant is moderately wounded.
The frost giant hits you with a battleaxe of freezing.
The frost giant freezes you.
You take 6 damage, and have 62/119 hp.
You hit the frost giant.
The frost giant looks as sick as possible!
The frost giant is moderately wounded.
You whack the frost giant!
The frost giant looks as sick as possible! x2
The frost giant convulses.
The frost giant seems to be slow for longer.
The frost giant is heavily wounded.
You hit the frost giant.
The frost giant looks as sick as possible!
The frost giant is heavily wounded.
The frost giant hits you with a battleaxe of freezing!!
* * * LOW HITPOINT WARNING * * *
The frost giant freezes you!
* * * LOW HITPOINT WARNING * * *
You take 42 damage, and have 20/119 hp.
MASSIVE DAMAGE!!
There is an open door here.
The frost giant points at you and mumbles some strange words.
The bolt of cold hits you!
You die...
Your body crumbles into a pile of gold.

█████.........█..........██
█... ██
█.......████████████.███
██.. .██ ███.....█
......≈≈█...████.█ ..██
██....█▲███≈≈≈█.≈█.....██.█
...██
███..█...█......█........█
....██
█.>.█..≈██.∆........█
.....█
█...█......████......
.....██ █C███≈≈≈█.≈█
███.... .<....█
█)..@....≈≈█ ███.. ......██


████████████ ██. .......█ █ .......█ .......█ █......█ ███...██ ██.██ ███ You
could see a frost giant.

Vanquished Creatures
  A stone giant (Volcano)
  A minotaur (Lab)
  10 hydras
  5 centaur warriors
  5 two-headed ogres
  A tengu warrior (D:14)
  An unseen horror (D:13)
  2 manticores (D:12)
  2 deep elf magi
  The ghost of Xiguana the Skirmisher, a novice OpCK of Xom (D:5)
  A wolf spider (Lair:3)
  7 cyclopes
  12 ugly things (D:14)
  11 elephants
  Maurice (D:9)
  A torpor snail (Lair:4)
  5 black mambas
  2 gargoyles
  6 komodo dragons
  2 efreet
  9 spiny frogs
  A rime drake (Lair:2)
  3 kobold demonologists (D:14)
  4 yaktaurs (D:14)
  A komodo dragon (shapeshifter) (D:13)
  5 trolls
  A jumping spider (shapeshifter) (D:14)
  A hornet (shapeshifter) (D:13)
  A jumping spider (Lair:3)
  4 polar bears (Lair:2)
  7 hippogriffs
  10 slime creatures
  2 dream sheep (D:8)
  4 redbacks
  A snapping turtle (shapeshifter) (D:13)
  4 wraiths
  2 basilisks
  A vampire (D:15)
  A wyvern (D:10)
  52 yaks
  A fire elemental (Volcano)
  5 hungry ghosts
  15 vampire mosquitoes
  19 water moccasins
  An acid dragon (D:12)
  10 porcupines
  10 orc warriors
  4 black bears (D:8)
  A hornet zombie (D:8)
  3 sky beasts
  4 ice beasts
  An eye of draining (D:15)
  6 ogres
  5 boggarts (D:14)
  7 wolves
  15 centaurs
  5 crocodiles
  3 big kobolds (D:8)
  17 bullfrogs
  2 earth elementals (Volcano)
  3 scorpions
  7 killer bees
  10 wights
  7 howler monkeys
  4 crimson imps
  2 lava snakes (Lair:1)
  4 centaur zombies
  2 bullfrog zombies
  3 jellies
  A quasit (D:8)
  6 hounds
  A bullfrog skeleton (D:12)
  10 orc priests
  15 orc wizards
  5 centaur skeletons
  4 iguanas
  7 worker ants
  3 killer bee zombies
  2 hound zombies
  A worker ant zombie (D:5)
  6 gnolls
  20 adders
  8 oozes
  An adder zombie (D:7)
  3 worms
  An adder skeleton (D:4)
  A dart slug (D:2)
  2 leopard geckos
  55 orcs
  7 giant cockroaches
  12 goblins
  5 hobgoblins
  13 jackals
  4 quokkas
  2 ball pythons (D:1)
  6 bats
  A frilled lizard (D:1)
  22 kobolds
  8 rats
599 creatures vanquished.

Vanquished Creatures (others)
  13 fungi
  6 plants
19 creatures vanquished.

Grand Total: 618 creatures vanquished

Notes
Turn   | Place    | Note
-------+----------+-------------------------------------------
     0 | D:1      | Goblin1989 the Gnoll Fighter began the quest for the Orb.
     0 | D:1      | Reached XP level 1. HP: 23/23 MP: 1/1
    79 | D:1      | Reached XP level 2. HP: 29/29 MP: 2/2
    81 | D:1      | Noticed a troll
   479 | D:1      | Reached XP level 3. HP: 35/35 MP: 3/3
  1047 | D:2      | Reached skill level 1 in Invocations
  1195 | D:2      | Reached skill level 1 in Short Blades
  1195 | D:2      | Reached skill level 1 in Long Blades
  1195 | D:2      | Reached skill level 1 in Axes
  1195 | D:2      | Reached skill level 1 in Polearms
  1195 | D:2      | Reached skill level 1 in Staves
  1195 | D:2      | Reached skill level 1 in Slings
  1195 | D:2      | Reached skill level 1 in Bows
  1195 | D:2      | Reached skill level 1 in Crossbows
  1195 | D:2      | Reached skill level 1 in Throwing
  1195 | D:2      | Reached skill level 1 in Dodging
  1195 | D:2      | Reached skill level 1 in Stealth
  1195 | D:2      | Reached skill level 1 in Unarmed Combat
  1195 | D:2      | Reached skill level 1 in Spellcasting
  1195 | D:2      | Reached skill level 1 in Evocations
  1195 | D:2      | Reached XP level 4. HP: 41/41 MP: 5/5
  1349 | D:2      | Reached skill level 1 in Conjurations
  1349 | D:2      | Reached skill level 1 in Hexes
  1349 | D:2      | Reached skill level 1 in Charms
  1349 | D:2      | Reached skill level 1 in Summonings
  1349 | D:2      | Reached skill level 1 in Necromancy
  1349 | D:2      | Reached skill level 1 in Translocations
  1349 | D:2      | Reached skill level 1 in Transmutations
  1349 | D:2      | Reached skill level 1 in Fire Magic
  1349 | D:2      | Reached skill level 1 in Ice Magic
  1349 | D:2      | Reached skill level 1 in Air Magic
  1349 | D:2      | Reached skill level 1 in Earth Magic
  1349 | D:2      | Reached skill level 1 in Poison Magic
  1476 | D:2      | Found an opulent altar of Gozag.
  1523 | D:2      | Reached XP level 5. HP: 40/47 MP: 6/6
  1550 | D:2      | Became a worshipper of Gozag Ym Sagoz the Greedy
  2350 | D:4      | Reached XP level 6. HP: 30/53 MP: 8/8
  2352 | D:4      | Found a radiant altar of Vehumet.
  2358 | D:4      | Got a crude falchion
  2359 | D:4      | Identified the +10 falchion of Sijaz {elec, rF+ Int+2} (You found it on level 4 of the Dungeon)
  2636 | D:4      | Found an ornate altar of the Wu Jian Council.
  2695 | D:4      | Reached skill level 5 in Maces & Flails
  2983 | D:5      | Entered Level 5 of the Dungeon
  3145 | D:5      | Noticed an ice beast
  3154 | D:5      | Killed an ice beast
  3154 | D:5      | Reached XP level 7. HP: 35/59 MP: 10/10
  3376 | D:5      | Found a burning altar of Makhleb.
  3403 | D:5      | Noticed Xiguana's ghost (novice OpCK)
  3473 | D:5      | Killed Xiguana's ghost
  3473 | D:5      | Reached XP level 8. HP: 67/67 MP: 10/12
  3496 | D:5      | Found an iron altar of Okawaru.
  3544 | D:5      | Found a glowing silver altar of Zin.
  4250 | D:6      | Reached XP level 9. HP: 55/72 MP: 14/14
  4542 | D:6      | Found a sacrificial altar of Ru.
  4542 | D:6      | Found a glowing golden altar of the Shining One.
  4623 | D:6      | Found a staircase to the Ecumenical Temple.
  4805 | D:7      | Learned a level 1 spell: Apportation
  4807 | D:7      | Learned a level 1 spell: Confusing Touch
  4899 | D:7      | Found a basalt altar of Yredelemnul.
  5272 | D:7      | Found Kozxeedgh's Gadget Shop.
  5278 | D:7      | Bought a wand of paralysis (10) for 144 gold pieces
  5278 | D:7      | Bought a wand of lightning (6) for 120 gold pieces
  5278 | D:7      | Bought a wand of disintegration (19) for 276 gold pieces
  5451 | D:8      | Got a polished leather armour
  5488 | D:8      | Identified the +2 leather armour "Qucijeuj" {Dex+4} (You found it on level 8 of the Dungeon)
  5830 | D:8      | Reached skill level 5 in Invocations
  5866 | D:8      | Reached XP level 10. HP: 61/80 MP: 17/17
  5890 | D:8      | Found a staircase to the Lair.
  6136 | D:8      | Noticed a two-headed ogre
  6160 | D:8      | Killed a two-headed ogre
  6160 | D:8      | Reached skill level 5 in Short Blades
  6160 | D:8      | Reached skill level 5 in Long Blades
  6160 | D:8      | Reached skill level 5 in Axes
  6160 | D:8      | Reached skill level 5 in Polearms
  6160 | D:8      | Reached skill level 5 in Staves
  6160 | D:8      | Reached skill level 5 in Slings
  6160 | D:8      | Reached skill level 5 in Bows
  6160 | D:8      | Reached skill level 5 in Crossbows
  6160 | D:8      | Reached skill level 5 in Throwing
  6160 | D:8      | Reached skill level 5 in Dodging
  6160 | D:8      | Reached skill level 5 in Stealth
  6160 | D:8      | Reached skill level 5 in Unarmed Combat
  6160 | D:8      | Reached skill level 5 in Spellcasting
  6160 | D:8      | Reached skill level 5 in Evocations
  6232 | D:8      | Found a stormy altar of Qazlal.
  6367 | D:8      | Noticed a three-headed hydra
  6380 | D:8      | Killed a three-headed hydra
  6491 | D:8      | Found a bloodstained altar of Trog.
  6862 | D:9      | Found a staircase to the Orcish Mines.
  6914 | D:9      | Noticed a lindwurm
  7045 | Lair:1   | Entered Level 1 of the Lair of Beasts
  7061 | Lair:1   | Noticed a seven-headed hydra
  7100 | Lair:1   | Found a labyrinth entrance.
  7108 | Lab      | Entered a labyrinth
  7279 | Lab      | Reached XP level 11. HP: 87/87 MP: 19/19
  7702 | Lab      | Noticed a minotaur
  7710 | Lab      | Killed a minotaur
  7722 | Lab      | Got a jewelled scale mail
  7733 | Lab      | Identified the +3 scale mail "Boetutuo" {Int+4 Dex+5} (You found it in a labyrinth)
  7741 | Lab      | Learned a level 2 spell: Shroud of Golubria
  7745 | Lab      | Learned a level 3 spell: Lesser Beckoning
  7749 | Lab      | Learned a level 3 spell: Teleport Other
  7754 | Lab      | Learned a level 4 spell: Passage of Golubria
  7804 | Lair:1   | Reached skill level 5 in Conjurations
  7804 | Lair:1   | Reached skill level 5 in Hexes
  7804 | Lair:1   | Reached skill level 5 in Charms
  7804 | Lair:1   | Reached skill level 5 in Summonings
  7804 | Lair:1   | Reached skill level 5 in Necromancy
  7804 | Lair:1   | Reached skill level 5 in Translocations
  7804 | Lair:1   | Reached skill level 5 in Transmutations
  7804 | Lair:1   | Reached skill level 5 in Fire Magic
  7804 | Lair:1   | Reached skill level 5 in Ice Magic
  7804 | Lair:1   | Reached skill level 5 in Air Magic
  7804 | Lair:1   | Reached skill level 5 in Earth Magic
  7804 | Lair:1   | Reached skill level 5 in Poison Magic
  8015 | Lair:1   | Killed an eight-headed hydra
  8389 | Lair:1   | Noticed a four-headed hydra
  8416 | Lair:1   | Killed a four-headed hydra
  8904 | Lair:1   | Noticed a seven-headed hydra
  8915 | Lair:1   | Killed a seven-headed hydra
  8915 | Lair:1   | Reached XP level 12. HP: 96/96 MP: 22/22
  9689 | Lair:2   | Found a staircase to the Swamp.
 10596 | Lair:3   | Found a hole to the Spider Nest.
 11238 | Lair:4   | Reached skill level 10 in Fighting
 11238 | Lair:4   | Reached skill level 10 in Armour
 11238 | Lair:4   | Reached skill level 10 in Shields
 11497 | Lair:4   | You fall through a shaft for 2 floors!
 11497 | Lair:6   | Entered Level 6 of the Lair of Beasts
 11520 | Lair:6   | Found a staircase to the Slime Pits.
 11642 | Lair:6   | Reached XP level 13. HP: 22/103 MP: 24/24
 11774 | Lair:6   | Found a dark tunnel.
 11784 | Volcano  | Entered a volcano
 11962 | Volcano  | Noticed a stone giant
 11969 | Volcano  | Killed a stone giant
 12346 | Lair:5   | Noticed Josephine
 12346 | Lair:5   | Noticed Snorg
 12533 | Lair:4   | Upgraded the game from 0.21-a0-460-g737a915 to 0.21-a0-471-gd587bd5
 13630 | Lair:5   | Bought 3 scrolls labeled AFAMOO ZOUT for 123 gold pieces
 13630 | Lair:5   | Bought a scroll of identify for 82 gold pieces
 14088 | Lair:5   | Found the +8 whip "Snakebite" {curare, rPois}
 15167 | Lair:5   | Bought the ring of Myigy {+Fly MR++ Str+4 SInv} for 682 gold pieces
 15279 | D:9      | Noticed Maurice
 15292 | D:9      | Killed Maurice
 15512 | D:10     | Entered Level 10 of the Dungeon
 15573 | D:10     | Reached XP level 14. HP: 62/111 MP: 26/26
 16047 | D:10     | Learned a level 1 spell: Summon Butterflies
 16177 | D:10     | Found Ladaat's Armour Shoppe.
 16937 | D:11     | Found a shattered altar of Ashenzari.
 17549 | D:12     | Reached skill level 10 in Maces & Flails
 18736 | D:13     | Found a gate to the Vaults.
 18785 | D:13     | Reached skill level 10 in Invocations
 19538 | D:14     | HP: 1/113 [red ugly thing (19)]
 20150 | D:14     | Reached XP level 15. HP: 119/119 MP: 28/28
 20273 | D:14     | Found a sparkling altar of Nemelex Xobeh.
 20993 | D:15     | Entered Level 15 of the Dungeon
 21594 | D:15     | Found a staircase to the Depths.
 21594 | D:15     | Noticed a frost giant
 21607 | D:15     | Killed from afar by a frost giant

Vault maps used:
D:1:      erik_arrival_cave_to_civilisation
D:2:      grunt_gozag_breadcrumbs
D:3:      first_bread
D:4:      old_standard_altar, vehumet_altar_wand_db
D:5:      lemuel_doored_altar, lemuel_crystal_altar, okawaru_trees_2
D:6:      chequers_temple_overflow_statue_of_worship,
          minmay_temple_entry_nine_rooms
D:7:      basic_altar, serial_shops, shop
D:8:      lightli_temple_of_fire, lemuel_round_altar,
          due_lair_maze_entry_diamond, hangedman_ranch
D:9:      minmay_diamond_stairs, orc_0_dummy, minmay_lindwurm_lava, uniq_maurice
D:10:     serial_shops, kennysheep_little_box
D:11:     dk_noncrumbling_2, evilmike_ruin_ashenzari
D:13:     david_vaults_4, lemuel_old_faithful
D:14:     serial_bayou_pond_d, nemelex_diamond_rough_becter
D:15:     grunt_enter_depths_snipers
Lair:1:   lab_entry_generic, disabler_island, grunt_megastairs_3
Lair:2:   swamp_mist_pool, grunt_forest_stairs_basic, cheibrodos_lair_lostbears
Lair:3:   spider_nest_entry_funnel_web
Lair:5:   minmay_guarded_unrand_snakebite, uniq_josephine, uniq_snorg
Lair:6:   cheibrodos_lair_end_hotspot, nicolae_slime_entry_slimehenge,
          enter_volcano_2
Lab:      labyrinth_spiral, nicolae_lab_dead_end, labyrinth_skeletal_remains
Volcano:  volcano_pools

Skill      XL: |  1  2  3  4  5  6  7  8  9 10 11 12 13 14 |
---------------+-------------------------------------------+-----
Invocations    | 1 2 3 4 5 6 7 8 9 10 | 10.7
Short Blades   | 1 2 3 4 5 6 7 8 9 |  9.8
Long Blades    | 1 2 3 4 5 6 7 8 9 |  9.8
Axes           | 1 2 3 4 5 6 7 8 9 |  9.8
Polearms       | 1 2 3 4 5 6 7 8 9 |  9.8
Staves         | 1 2 3 4 5 6 7 8 9 |  9.8
Slings         | 1 2 3 4 5 6 7 8 9 |  9.8
Bows           | 1 2 3 4 5 6 7 8 9 |  9.8
Crossbows      | 1 2 3 4 5 6 7 8 9 |  9.8
Throwing       | 1 2 3 4 5 6 7 8 9 |  9.8
Dodging        | 1 2 3 4 5 6 7 8 9 |  9.8
Stealth        | 1 2 3 4 5 6 7 8 9 |  9.8
Unarmed Combat | 1 2 3 4 5 6 7 8 9 |  9.8
Spellcasting   | 1 2 3 4 5 6 7 8 9 |  9.8
Evocations     | 1 2 3 4 5 6 7 8 9 |  9.8
Conjurations   | 1 2 3 4 5 6 7 8 |  8.3
Hexes          | 1 2 3 4 5 6 7 8 |  8.3
Charms         | 1 2 3 4 5 6 7 8 |  8.3
Summonings     | 1 2 3 4 5 6 7 8 |  8.3
Necromancy     | 1 2 3 4 5 6 7 8 |  8.3
Translocations | 1 2 3 4 5 6 7 8 |  8.3
Transmutations | 1 2 3 4 5 6 7 8 |  8.3
Fire Magic     | 1 2 3 4 5 6 7 8 |  8.3
Ice Magic      | 1 2 3 4 5 6 7 8 |  8.3
Air Magic      | 1 2 3 4 5 6 7 8 |  8.3
Earth Magic    | 1 2 3 4 5 6 7 8 |  8.3
Poison Magic   | 1 2 3 4 5 6 7 8 |  8.3
Maces & Flails | 5 6 7 8 9 10 | 10.8
Fighting       | 7 8 9 10 11 | 11.6
Armour         | 7 8 9 10 11 | 11.6
Shields        | 7 8 9 10 11 | 11.6

Action                   |  1- 3 |  4- 6 |  7- 9 | 10-12 | 13-15 || total
-------------------------+-------+-------+-------+-------+-------++-------
Melee: Flail             |   112 |   103 |       |    48 |     8 ||   271
       Bite              |    11 |    16 |    31 |    94 |   297 ||   449
       Falchion          |       |    29 |   178 |   422 |   195 ||   824
       Whip              |       |       |       |       |  1172 ||  1172
 Fire: Blowgun           |       |       |    10 |     6 |       ||    16
Invok: Call Merchant     |       |       |       |       |     3 ||     3
Evoke: Wand              |       |       |       |    13 |    14 ||    27
  Use: Scroll            |       |       |       |    15 |    10 ||    25
       Potion            |       |       |       |     2 |     6 ||     8
 Stab: Distracted        |       |       |     1 |     5 |    11 ||    17
       Paralysed         |       |       |       |     5 |       ||     5
       Sleeping          |       |       |       |     6 |    28 ||    34
       Invisible         |       |       |       |       |     3 ||     3
  Eat: Chunk             |     1 |     2 |       |       |       ||     3
       Meat ration       |       |     2 |       |       |       ||     2
       Royal jelly       |       |     1 |     1 |     4 |     5 ||    11
       Fruit             |       |       |       |    12 |    10 ||    22
       Bread ration      |       |       |       |       |     6 ||     6
Armor: Scale mail        |    35 |    63 |    38 |    79 |   278 ||   493
       Plate armour      |       |       |    24 |    71 |       ||    95
Dodge: Dodged            |    42 |    49 |    64 |   187 |   504 ||   846
Block: Shield            |    74 |    83 |    84 |   302 |   677 ||  1220
       Rpst.: Falchion   |       |     3 |    18 |    47 |    20 ||    88

Table legend:
 A = Spawn XP
 B = Non-spawn XP
 C = Spawn XP percentage of total XP
 D = Spawn monster count
 E = Non-spawn monster count
 F = Spawn count percentage of total count
 G = Total turns spent on level
                    A         B        C        D         E        F      G
               +---------+---------+-------+---------+---------+-------+---------
         Total |       0 |  102833 |   0.0 |       0 |     599 |   0.0 | 21607
               +---------+---------+-------+---------+---------+-------+---------
           D:1 |       0 |      45 |   0.0 |       0 |      30 |   0.0 |   949
           D:2 |       0 |     126 |   0.0 |       0 |      34 |   0.0 |   730
           D:3 |       0 |     120 |   0.0 |       0 |      17 |   0.0 |   637
           D:4 |       0 |     235 |   0.0 |       0 |      12 |   0.0 |   697
           D:5 |       0 |    1146 |   0.0 |       0 |      15 |   0.0 |   915
           D:6 |       0 |     931 |   0.0 |       0 |      19 |   0.0 |   743
           D:7 |       0 |     911 |   0.0 |       0 |      23 |   0.0 |   922
           D:8 |       0 |    5010 |   0.0 |       0 |      39 |   0.0 |  1371
           D:9 |       0 |    3008 |   0.0 |       0 |      23 |   0.0 |   565
          D:10 |       0 |    1688 |   0.0 |       0 |      39 |   0.0 |  1073
          D:11 |       0 |    2698 |   0.0 |       0 |      16 |   0.0 |   927
          D:12 |       0 |    6470 |   0.0 |       0 |      42 |   0.0 |   920
          D:13 |       0 |   11408 |   0.0 |       0 |      36 |   0.0 |  1154
          D:14 |       0 |   18486 |   0.0 |       0 |      63 |   0.0 |  1234
          D:15 |       0 |    8637 |   0.0 |       0 |      28 |   0.0 |   614
        Lair:1 |       0 |    8723 |   0.0 |       0 |      34 |   0.0 |  1677
        Lair:2 |       0 |    3345 |   0.0 |       0 |      15 |   0.0 |   829
        Lair:3 |       0 |    3125 |   0.0 |       0 |      15 |   0.0 |   731
        Lair:4 |       0 |    6321 |   0.0 |       0 |      23 |   0.0 |  1672
        Lair:5 |       0 |    8847 |   0.0 |       0 |      34 |   0.0 |  1011
        Lair:6 |       0 |    7445 |   0.0 |       0 |      33 |   0.0 |  1036
           Lab |       0 |    1534 |   0.0 |       0 |       3 |   0.0 |   649
       Volcano |       0 |    2574 |   0.0 |       0 |       6 |   0.0 |   551
               +---------+---------+-------+---------+---------+-------+---------

Vault maps used:
D:1:      erik_arrival_cave_to_civilisation
D:2:      grunt_gozag_breadcrumbs
D:3:      first_bread
D:4:      old_standard_altar, vehumet_altar_wand_db
D:5:      lemuel_doored_altar, lemuel_crystal_altar, okawaru_trees_2
D:6:      chequers_temple_overflow_statue_of_worship,
          minmay_temple_entry_nine_rooms
D:7:      basic_altar, serial_shops, shop
D:8:      lightli_temple_of_fire, lemuel_round_altar,
          due_lair_maze_entry_diamond, hangedman_ranch
D:9:      minmay_diamond_stairs, orc_0_dummy, minmay_lindwurm_lava, uniq_maurice
D:10:     serial_shops, kennysheep_little_box
D:11:     dk_noncrumbling_2, evilmike_ruin_ashenzari
D:13:     david_vaults_4, lemuel_old_faithful
D:14:     serial_bayou_pond_d, nemelex_diamond_rough_becter
D:15:     grunt_enter_depths_snipers
Lair:1:   lab_entry_generic, disabler_island, grunt_megastairs_3
Lair:2:   swamp_mist_pool, grunt_forest_stairs_basic, cheibrodos_lair_lostbears
Lair:3:   spider_nest_entry_funnel_web
Lair:5:   minmay_guarded_unrand_snakebite, uniq_josephine, uniq_snorg
Lair:6:   cheibrodos_lair_end_hotspot, nicolae_slime_entry_slimehenge,
          enter_volcano_2
Lab:      labyrinth_spiral, nicolae_lab_dead_end, labyrinth_skeletal_remains
Volcano:  volcano_pools
